 Dungeon Crawl Stone Soup version 0.30-a0-335-ge5acde7520 (webtiles) character file.

Game seed: 4406491692042364188

95 jlumianski the Covered (level 4, -2/35 HPs)
             Began as a Demonspawn Fighter on Oct 30, 2022.
             Killed by divine providence
             ... invoked by an orc priest
              (12 damage)
             ... on level 3 of the Dungeon.
             The game lasted 00:09:00 (1634 turns).

jlumianski the Covered (Demonspawn Fighter)         Turns: 1634, Time: 00:09:01

Health: -2/35      AC: 11    Str: 18    XL:     4   Next: 39%
Magic:  4/4        EV:  7    Int: 10    God:
Gold:   128        SH:  0    Dex: 12    Spells: 3/3 levels left

rFire   . . .      SeeInvis .    n - +12 great mace "Yxiofer" {vorpal, rPois rN+}
rCold   . . .      Faith    .    (shield currently unavailable)
rNeg    + . .      Spirit   .    h - +0 chain mail
rPois   +          Reflect  .    (no helmet)
rElec   .          Harm     .    e - +0 cloak
rCorr   .          Rampage  .    l - +0 pair of gloves
Will    .....                    (no boots)
Stlth   ..........               (no amulet)
HPRegen 0.25/turn                (no ring)
MPRegen 0.09/turn                (no ring)

@: no status effects
A: demonic guardian 1, ignite blood 1
a: no special abilities


You were on level 3 of the Dungeon.
You visited 1 branch of the dungeon, and saw 4 of its levels.

You collected 128 gold pieces.

Inventory:

Hand Weapons
 a - a +0 war axe
 n - the +12 great mace "Yxiofer" (weapon) {vorpal, rPois rN+}
   (You found it on level 2 of the Dungeon)

   It inflicts extra damage upon your enemies.
   rPois:     It protects you from poison.
   rN:        It protects you from negative energy.
 p - a +2 war axe of flaming
Missiles
 i - 2 poisoned darts
 j - 3 boomerangs (quivered)
Armour
 b - a +0 scale mail
 c - a +0 buckler
 e - a +0 cloak (worn)
 h - a +0 chain mail (worn)
 l - a +0 pair of gloves (worn)
Scrolls
 g - 2 scrolls of teleportation
 o - a scroll of silence
 q - a scroll of torment {unknown}
Potions
 d - 2 potions of might
 f - 3 potions of curing
 k - a potion of magic
 m - a potion of attraction


   Skills:
 + Level 3.2 Fighting
 - Level 2.6(2.8) Axes
 * Level 1.4(2.2) Maces & Flails
 + Level 3.3 Armour
 + Level 0.6 Dodging
 - Level 0.1 Stealth
 - Level 3.0 Shields


You had 3 spell levels left.
You didn't know any spells.
Your spell library contained the following spells:

 Spells                   Type           Power      Damage    Failure   Level
 Apportation              Tloc           0%         N/A       99%         1
 Necrotise                Necr           0%         1d4       99%         1
 Summon Small Mammal      Summ           0%         N/A       99%         1


Dungeon Overview and Level Annotations

Branches:
Dungeon (4/15)
 Temple: D:4-7

Altars:
Okawaru

Shops:
D:1 (


Innate Abilities, Weirdness & Mutations

A weak demonic guardian rushes to your aid.
Your demonic aura sometimes causes spilled blood to erupt in flames.


Message History

You kill the endoplasm!
The bat barely misses you. The bat hits you but does no damage.
You sock the bat!
You kill the bat!
A giant cockroach comes into view.
You see here 8 gold pieces.
A hobgoblin comes into view.
You hit the giant cockroach.
You kill the giant cockroach!
The hobgoblin hits you but does no damage.
You hit the hobgoblin.
You kill the hobgoblin!
Found 7 gold pieces.
q - a scroll labelled UTEDWA WUDDAL You now have 128 gold pieces (gained 8).
You see here a hobgoblin corpse.
An orc comes into view. It is wielding a +0 flail.
The orc shouts!
You hear a shout!
An orc priest comes into view. It is wielding a +0 short sword.
A bat comes into view.
A hobgoblin comes into view.
An orc comes into view. It is wielding a +0 club.
The orc priest shouts!
The orc shouts!
You hear an angry hiss.
The bat hits you but does no damage.
The orc priest calls down the wrath of Beogh upon you.
Beogh smites you!
You see here 7 gold pieces.
The bat closely misses you. The bat attacks as you move away!
The bat hits you but does no damage. The bat barely misses you.
The bat hits you but does no damage. The bat attacks as you move away!
The bat barely misses you. x2
The orc priest calls down the wrath of Beogh upon you.
Beogh smites you!
* * * LOW HITPOINT WARNING * * *
The bat hits you but does no damage. The bat barely misses you.
The orc priest calls down the wrath of Beogh upon you.
Beogh smites you!
You die...

#......#.##.......
#oo........†......
#.####.#..........
#g##..............
#.##.#.###........
#o##.#.###........
#.#. .............
#b#..#............
#@#..........####+
#.# ....#.### #.#
####### #.. ###


You could see an orc priest, 2 orcs, a hobgoblin and a bat.

Vanquished Creatures
  2 adders (D:2)
  4 worms
  4 dart slugs
  An orc (D:3)
  A ball python (D:2)
  6 endoplasms
  4 giant cockroaches
  3 goblins
  3 hobgoblins
  5 jackals (D:2)
  3 kobolds
  A quokka (D:1)
  6 bats
  5 frilled lizards
  7 rats
55 creatures vanquished.

Notes
Turn   | Place    | Note
-------+----------+-------------------------------------------
     0 | D:1      | jlumianski the Demonspawn Fighter began the quest for the
                  | Orb.
     0 | D:1      | Reached XP level 1. HP: 18/18 MP: 1/1
   140 | D:1      | Gained mutation: Your demonic aura sometimes causes spilled
                  | blood to erupt in flames. [demonic ancestry]
   140 | D:1      | Reached XP level 2. HP: 24/24 MP: 2/2
   220 | D:1      | Found a faded altar of an unknown god.
   227 | D:1      | Found Loqobyun's Antique Weapon Shoppe.
   529 | D:2      | Gained mutation: A weak demonic guardian rushes to your
                  | aid. [demonic ancestry]
   529 | D:2      | Reached XP level 3. HP: 29/29 MP: 3/3
   713 | D:2      | Identified the +12 great mace "Yxiofer" {vorpal, rPois rN+}
  1117 | D:2      | Found an iron altar of Okawaru.
  1167 | D:2      | Reached XP level 4. HP: 35/35 MP: 4/4
  1462 | D:3      | Reached skill level 1 in Maces & Flails
  1634 | D:3      | Killed from afar by an orc priest

Illustrated notes

Levels and vault maps discovered:
D:1:      lemuel_arrival_rhombus, layout_rooms, serial_shops, shop,
          basic_ecumenical_altar
D:2:      layout_loops_ring, basic_altar
D:3:      layout_basic
D:4:      layout_basic, nicolae_qazlal_eye_of_the_storm,
          mainiacjoe_overflow_large_starburst, nicolae_shop_firing_range,
          uniq_ijyb, uniq_blork_the_orc

Skill      XL: |  1  2  3  4 |
---------------+-------------+-----
Armour         | 3 |  3.3
Shields        | 3 |  3.0
Axes           | 2 |  2.6
Maces & Flails | 1 |  1.4
Fighting       | |  3.2
Dodging        | |  0.6
Stealth        | |  0.1

Action                   |  1- 3 |  4- 6 || total
-------------------------+-------+-------++-------
Melee: War axe           |    88 |       ||    88
       Great mace        |    16 |    25 ||    41
Throw: Boomerang         |     2 |     3 ||     5
  Use: Scroll            |       |     7 ||     7
       Potion            |       |     1 ||     1
Armor: Scale mail        |     6 |       ||     6
       Chain mail        |    57 |    28 ||    85
Dodge: Dodged            |    41 |    20 ||    61
Block: Buckler           |    28 |       ||    28

Table legend: (Time is in decaauts)
 A = Elapsed time spent in this place.
 B = Non-inter-level travel time spent in this place.
 C = Inter-level travel time spent in this place.
 D = Time resting spent in this place.
 E = Time spent auto-exploring this place.
 F = Levels seen in this place.
 G = Mean time per level.
                   A        B        C        D        E       F      G
               +--------+--------+--------+--------+--------+-----+--------+
         Total |   1704 |   1690 |     14 |     19 |    762 |   4 |  426.0 |
       Dungeon |   1704 |   1690 |     14 |     19 |    762 |   4 |  426.0 |
               +--------+--------+--------+--------+--------+-----+--------+

Top non-repeatable levels by time:
     D:2: 870 daAuts
     D:1: 491 daAuts
     D:3: 338 daAuts
     D:4: 3 daAuts
